 Dungeon Crawl Stone Soup version 0.21.1-1-g345015f (webtiles) character file.

415 toucherabbit the Chopper (level 6, -9/79 HPs)
             Began as a Draconian Berserker on Mar 15, 2018.
             Was a Believer of Trog.
             Mangled by an ogre
             ... wielding a +0 giant spiked club
              (25 damage)
             ... on level 4 of the Dungeon.
             The game lasted 00:06:23 (3162 turns).

toucherabbit the Chopper (Draconian Berserker)      Turns: 3162, Time: 00:06:23

Health: -9/79      AC:  7    Str: 25    XL:     6   Next: 60%
Magic:  6/6        EV: 13    Int:  8    God:    Trog [**....]
Gold:   168        SH:  0    Dex: 11    Spells: 5/5 levels left

rFire    . . .     SeeInvis .   a - +0 hand axe
rCold    . . .     Gourm    .   (no shield)
rNeg     . . .     Faith    .   (armour unavailable)
rPois    .         Spirit   .   (helmet restricted)
rElec    .         Reflect  .   (no cloak)
rCorr    .         Harm     .   h - +0 pair of gloves
MR       .....                  (no boots)
Stlth    ..........             (no amulet)
HPRegen  0.23/turn              (no ring)
MPRegen  0.10/turn              (no ring)

@: berserking, very quick
A: unfitting armour, cold-blooded, AC +6
a: Berserk, Trog's Hand, Burn Spellbooks, Renounce Religion


You were on level 4 of the Dungeon.
You worshipped Trog.
Trog was pleased with you.
You were not hungry.

You visited 1 branch of the dungeon, and saw 4 of its levels.

You collected 168 gold pieces.

Inventory:

Hand Weapons
 a - a +0 hand axe (weapon)
 q - a +4 quarterstaff of chaos
 w - the +8 mace "Tuma" {vamp, rElec Int+5 Dex-2}
   (You found it on level 4 of the Dungeon)

   It inflicts no extra harm, but heals its wielder when it wounds a living foe.
   It affects your intelligence (+5).
   It affects your dexterity (-2).
   It insulates you from electricity.
Armour
 h - a +0 pair of gloves (worn)
 r - a +0 cloak
Wands
 c - a wand of flame (15)
 p - a wand of digging (12)
Scrolls
 f - a scroll of teleportation {unknown}
 g - 2 scrolls of remove curse {unknown}
 l - a scroll of enchant armour {unknown}
 m - a scroll of amnesia {unknown}
 v - a scroll of fear {unknown}
Potions
 d - a potion of lignification
 e - 2 potions of flight
 i - a potion of magic {unknown}
 j - a potion of ambrosia {unknown}
 k - a potion of mutation {unknown}
 n - a potion of degeneration {unknown}
 u - 2 potions of brilliance {unknown}
Books
 t - a book of Minor Magic

   Spells                             Type                      Level
   a - Magic Dart                     Conjuration                  1
   b - Blink                          Translocation                2
   c - Call Imp                       Summoning                    2
   d - Slow                           Hexes                        2
   e - Conjure Flame                  Conjuration/Fire             3
   f - Mephitic Cloud                 Conjuration/Poison/Air       3
   Trog disapproves of the use of such an item.
Comestibles
 b - 8 rations


   Skills:
 + Level 4.6 Fighting
 + Level 5.5 Axes
 + Level 4.1 Dodging
 + Level 1.5 Stealth


You had 5 spell levels left.
You didn't know any spells.

Dungeon Overview and Level Annotations

Branches:
Dungeon (4/15)
 Temple: D:4-7

Altars:


Innate Abilities, Weirdness & Mutations

Your plain brown scales are hard. (AC +6)
You cannot fit into any form of body armour.
You are cold-blooded and may be slowed by cold attacks.


Message History

You hit the ogre.
The ogre is lightly wounded.
The ogre misses you.
You hit the ogre. You tail-slap the ogre.
The ogre is heavily wounded.
You barely miss the ogre.
The ogre is heavily wounded.
The ogre hits you with a giant spiked club!!
Ouch! That really hurt!
* * * LOW HITPOINT WARNING * * *
You feel better. The ogre closely misses you.
You are starving!
You eat one of the 9 rations.
That ration really hit the spot!
The ogre closely misses you. The leopard gecko closely misses you.
A red film seems to cover your vision as you go berserk!
You feel yourself moving faster!
You feel mighty!
You feel a lot more hungry. The leopard gecko bites you.
* * * LOW HITPOINT WARNING * * *
The ogre hits you with a giant spiked club!!
You die...

#.# #.###.###.# ..'......
#.###.##......# ..##.≈⌠..⌠
#.........##### .# #.≈≈..§
#####.##.#...# . #.##.#.#.#######
##' #............... #..
..####......####. #.### #.#
#####.Ol# # #.##. #.# #..@#
####.##.##. #.# #...# #..........
####.#### #...# .#..##.###
##.......# #...# #.# #........#
#...# #.###.###
....#.#..#####...######.#......##
#.....#.................#####..##
........................# #.....
......#.................# ##..##


You could see an ogre and a leopard gecko.

Vanquished Creatures
  An ogre (D:4)
  A crimson imp (D:2)
  Crazy Yiuf (D:3)
  2 hounds (D:4)
  2 centaur skeletons (D:4)
  2 worker ants (D:4)
  4 adders (D:2)
  An ooze (D:2)
  A dart slug (D:1)
  A leopard gecko (D:2)
  5 orcs (D:4)
  2 ball pythons
  4 giant cockroaches
  4 goblins
  5 hobgoblins
  A quokka (D:3)
  4 bats
  5 frilled lizards
  8 kobolds
  12 rats
66 creatures vanquished.

Notes
Turn   | Place    | Note
-------+----------+-------------------------------------------
     0 | D:1      | toucherabbit the Draconian Berserker began the quest for the Orb.
     0 | D:1      | Reached XP level 1. HP: 19/19 MP: 1/1
   108 | D:1      | Reached XP level 2. HP: 26/26 MP: 2/2
   795 | D:2      | Reached XP level 3. HP: 19/33 MP: 3/3
  1272 | D:2      | Reached ** piety under Trog
  1272 | D:2      | Reached XP level 4. HP: 38/40 MP: 4/4
  1340 | D:2      | Reached skill level 4 in Axes
  1981 | D:3      | Found a runed door.
  2426 | D:3      | Noticed Crazy Yiuf
  2431 | D:3      | Killed Crazy Yiuf
  2431 | D:3      | Reached XP level 5. HP: 46/46 MP: 5/5
  2595 | D:4      | Got an encrusted mace
  2601 | D:4      | Identified the +8 mace "Tuma" {vamp, rElec Int+5 Dex-2} (You found it on level 4 of the Dungeon)
  2634 | D:4      | Reached skill level 1 in Stealth
  2670 | D:4      | Reached skill level 5 in Axes
  2972 | D:4      | Noticed an ogre
  2980 | D:4      | Killed an ogre
  2980 | D:4      | Reached XP level 6. HP: 51/53 MP: 6/6
  3141 | D:4      | HP: 1/53 [ogre/giant spiked club (33)]
  3162 | D:4      | Mangled by an ogre

Skill      XL: |  1  2  3  4  5 |
---------------+----------------+-----
Dodging        | 3 4 |  4.1
Fighting       | 4 |  4.6
Axes           | 4 5 |  5.5
Stealth        | 1 |  1.5

Action                   |  1- 3 |  4- 6 || total
-------------------------+-------+-------++-------
Melee: Hand axe          |    76 |   140 ||   216
       Tailslap          |     7 |    26 ||    33
Invok: Berserk           |       |     4 ||     4
  Use: Scroll            |       |     3 ||     3
       Potion            |       |     3 ||     3
 Stab: Sleeping          |       |     2 ||     2
  Eat: Chunk             |     1 |     4 ||     5
       Ration            |       |     2 ||     2
Armor: Skin              |    27 |    46 ||    73
Dodge: Dodged            |    52 |   109 ||   161
